Selects Australian Defense Battlegroup
Selects Australian Light Infantry Section
Australian Light Infantry Section
Australian Light Infantry Section
Australian Light Infantry Section
Construct Field Infirmary
Construct Section Command Post
Construct Platoon Command Post
Selects Defensive Tactics
6-pounder Anti-tank Gun Team
Selects Vehicle Over Repair
Construct Company Command Post
Selects CMP 15cwt Supply Run